TOP OF THE 1ST |
Batavia Muckdogs batting - Pitching for Rome Braves : RHP Mokichi Furuta
|
Pitching: RHP Mokichi Furuta
|
|
Batting: RHB Calvin Morin
|
0-0: Foul Ball, location: 2F 0-1: Ball 1-1: Ground out 5-3 (Groundball, 56, EV 86.2 MPH)
|
Batting: LHB David Doge
|
0-0: Ground out 5-3 (Groundball, 5, EV 80.0 MPH)
|
Batting: RHB Jim Fisher
|
0-0: Ball 1-0: Ground out 4-3 (Groundball, 4, EV 105.6 MPH)
|
Top of the 1st over - 0 runs, 0 hits, 0 errors, 0 left on base; Batavia 0 - Rome 0 |
BOTTOM OF THE 1ST |
Rome Braves batting - Pitching for Batavia Muckdogs : RHP James Bitner
|
Pitching: RHP James Bitner
|
|
Batting: LHB J.P. Olson
|
0-0: Ball 1-0: Foul Ball, location: 2F 1-1: Fly out, F9 (Flyball, 9, EV 90.0 MPH)
|
Batting: RHB Brandon Burrell
|
0-0: Ball 1-0: Ball 2-0: Ball 3-0: Base on Balls
|
Batting: LHB Curt Nelson
|
0-0: Called Strike 0-1: Foul Ball, location: 2F 0-2: Strikes out swinging
|
Batting: RHB Ike Trout
|
0-0: Ball 1-0: Foul Ball, location: 2F 1-1: Foul Ball, location: 2F 1-2: Foul Ball, location: 2F 1-2: Ball 2-2: Foul Ball, location: 2F 2-2: Ball 3-2: Base on Balls Brandon Burrell to second
|
Batting: LHB Mike Tenorio
|
0-0: Ball 1-0: SINGLE (Groundball, 56D, EV 105.0 MPH) Brandon Burrell to third Ike Trout to second Runner from 3rd tries for Home, SAFE, throw by LF to home
|
Batting: RHB Badr al Din Ridha
|
0-0: Called Strike 0-1: Foul Ball, location: 2F 0-2: Foul Ball, location: 2F 0-2: Strikes out looking
|
Bottom of the 1st over - 1 run, 1 hit, 0 errors, 2 left on base; Batavia 0 - Rome 1 |
TOP OF THE 2ND |
Batavia Muckdogs batting - Pitching for Rome Braves : RHP Mokichi Furuta
|
Batting: RHB Len Graham
|
0-0: SINGLE (Line Drive, 34D, EV 95.0 MPH)
|
Batting: LHB Ryan Thompson
|
0-0: Called Strike Len Graham steals 2nd base 0-1: Foul Ball, location: 2F 0-2: 2-RUN HOME RUN (Flyball, 9D, EV 95.6 MPH), Distance : 363 ft
|
Batting: RHB Nate Crofts
|
0-0: Ball 1-0: Foul Ball, location: 2F 1-1: Ball 2-1: SOLO HOME RUN (Flyball, 7D, EV 98.1 MPH), Distance : 375 ft
|
Batting: RHB Alex Ramirez
|
0-0: Ball 1-0: Foul Ball, location: 2F 1-1: Ball 2-1: Swinging Strike 2-2: Ball 3-2: Ground out 5-3 (Groundball, 5L, EV 88.8 MPH)
|
Batting: RHB Larry LeFever
|
0-0: Called Strike 0-1: Called Strike 0-2: SINGLE (Groundball, 25, EV 68.8 MPH) (infield hit)
|
Batting: LHB Emilio Montalvo
|
0-0: Ball 1-0: Foul Ball, location: 2F 1-1: Ball 2-1: SINGLE (Groundball, 34D, EV 95.0 MPH) Larry LeFever to second Runner from 2nd tries for 3rd, SAFE, throw by RF made to third
|
Batting: RHB Calvin Morin
|
0-0: Ball 1-0: Called Strike 1-1: Swinging Strike 1-2: Fielders Choice at 2nd, 5-4 (Groundball, 56, EV 100.0 MPH) Larry LeFever scores
|
Batting: LHB David Doge
|
0-0: Called Strike Calvin Morin steals 2nd base 0-1: Foul Ball, location: 2F 0-2: Ball 1-2: Fly out, F9 (Flyball, 89S, EV 87.5 MPH)
|
Top of the 2nd over - 4 runs, 5 hits, 0 errors, 1 left on base; Batavia 4 - Rome 1 |
BOTTOM OF THE 2ND |
Rome Braves batting - Pitching for Batavia Muckdogs : RHP James Bitner
|
Batting: RHB Alex Velasquez
|
0-0: Ball 1-0: Called Strike 1-1: TRIPLE (Flyball, 89XD, EV 100.0 MPH)
|
Batting: RHB Tim Molchan
|
0-0: Ball 1-0: Ball 2-0: Ball 3-0: Called Strike 3-1: Base on Balls
|
Pitching: RHP Scott Feltham
|
|
Batting: LHB Joe Phillips
|
0-0: Ball 1-0: Ball 2-0: Ball 3-0: Base on Balls Tim Molchan to second
|
Batting: LHB J.P. Olson
|
0-0: Ball 1-0: Ball 2-0: Ball 3-0: Called Strike 3-1: Foul Ball, location: 2F 3-2: Foul Ball, location: 2F 3-2: Base on Balls Alex Velasquez scores Tim Molchan to third Joe Phillips to second
|
Batting: RHB Brandon Burrell
|
0-0: Ball 1-0: Ball 2-0: Ball 3-0: Called Strike 3-1: Base on Balls Tim Molchan scores Joe Phillips to third J.P. Olson to second
|
Batting: LHB Curt Nelson
|
0-0: Called Strike 0-1: Ball 1-1: Foul Ball, location: 2F 1-2: Ball 2-2: Ball 3-2: SINGLE (Line Drive, 4D, EV 94.4 MPH) Joe Phillips scores J.P. Olson to third Brandon Burrell to second
|
Pitching: RHP Ryan Babbitt
|
|
Batting: RHB Ike Trout
|
0-0: Ball 1-0: Foul Ball, location: 2F 1-1: Called Strike 1-2: Foul Ball, location: 2F 1-2: Ball 2-2: Ball Passed Ball! J.P. Olson scores Brandon Burrell to third Curt Nelson to second 3-2: TRIPLE (Flyball, 78XD, EV 97.5 MPH) Brandon Burrell scores Curt Nelson scores
|
Batting: LHB Mike Tenorio
|
0-0: Ball 1-0: Ball 2-0: Foul Ball, location: 2F 2-1: Ball 3-1: Base on Balls
|
Batting: RHB Badr al Din Ridha
|
0-0: Ball 1-0: Ball 2-0: Ball 3-0: Base on Balls Mike Tenorio to second
|
Batting: RHB Alex Velasquez
|
0-0: Ball 1-0: Fielders Choice at 2nd, 4-6 (Groundball, 4, EV 100.6 MPH) Ike Trout scores Mike Tenorio to third
|
Pitching: LHP Kunji Fukasawa
|
|
Batting: RHB Tim Molchan
|
0-0: Ball 1-0: Ball Wild Pitch! Mike Tenorio scores Alex Velasquez to second 2-0: Ball 3-0: Base on Balls
|
Batting: LHB Joe Phillips
|
0-0: Called Strike Alex Velasquez is caught stealing 3rd base 2-5 0-1: Ball 1-1: DOUBLE (Groundball, 5L, EV 98.8 MPH) Tim Molchan to third
|
Batting: LHB J.P. Olson
|
0-0: Foul Ball, location: 2F 0-1: Swinging Strike 0-2: Ball 1-2: Foul Ball, location: 2F 1-2: SINGLE (Groundball, 34D, EV 100.0 MPH) Tim Molchan scores Joe Phillips to third Runner from 3rd tries for Home, SAFE, throw by RF to home
|
Batting: RHB Brandon Burrell
|
0-0: Called Strike 0-1: Ball 1-1: SINGLE (Groundball, 4MD, EV 106.9 MPH) J.P. Olson to second
|
Pitching: RHP Alex Garza
|
|
Batting: LHB Curt Nelson
|
0-0: Called Strike 0-1: Ball 1-1: Foul Ball, location: 2F 1-2: Ball 2-2: Fielders Choice at 2nd, 6-4 (Groundball, 6MD, EV 93.1 MPH)
|
Bottom of the 2nd over - 10 runs, 6 hits, 0 errors, 2 left on base; Batavia 4 - Rome 11 |
TOP OF THE 3RD |
Batavia Muckdogs batting - Pitching for Rome Braves : RHP Mokichi Furuta
|
Batting: RHB Jim Fisher
|
0-0: Called Strike 0-1: Ball 1-1: Ball 2-1: Foul Ball, location: 2F 2-2: Foul Ball, location: 2F 2-2: Ground out 4-3 (Groundball, 4, EV 80.6 MPH)
|
Batting: RHB Len Graham
|
0-0: Ball 1-0: Foul Ball, location: 2F 1-1: Ball 2-1: Foul Ball, location: 2F 2-2: Ball 3-2: Foul Ball, location: 2F 3-2: Base on Balls
|
Batting: LHB Ryan Thompson
|
0-0: Called Strike Len Graham steals 2nd, throwing error, E2 Len Graham to third 0-1: Called Strike 0-2: SINGLE (Line Drive, 78S, EV 105.6 MPH) Len Graham scores
|
Batting: RHB Nate Crofts
|
0-0: Ball 1-0: Ball 2-0: Swinging Strike 2-1: Ball 3-1: Foul Ball, location: 2F 3-2: Strikes out swinging
|
Batting: RHB Alex Ramirez
|
0-0: Foul Ball, location: 2F 0-1: Swinging Strike 0-2: Ball 1-2: Foul Ball, location: 2F 1-2: Ball 2-2: Fielders Choice at 2nd, 6-4 (Groundball, 6, EV 76.2 MPH)
|
Top of the 3rd over - 1 run, 1 hit, 1 error, 1 left on base; Batavia 5 - Rome 11 |
BOTTOM OF THE 3RD |
Rome Braves batting - Pitching for Batavia Muckdogs : RHP Alex Garza
|
Batting: RHB Ike Trout
|
0-0: Ball 1-0: Ball 2-0: Ball 3-0: Called Strike 3-1: SINGLE (Groundball, 6MD, EV 107.5 MPH)
|
Batting: LHB Mike Tenorio
|
0-0: Ball 1-0: Foul Ball, location: 2F 1-1: Grounds into double play, 4-6-3 (Groundball, 4, EV 89.4 MPH)
|
Batting: RHB Badr al Din Ridha
|
0-0: Fly out, F8 (Flyball, 8LS, EV 95.6 MPH)
|
Bottom of the 3rd over - 0 runs, 1 hit, 0 errors, 0 left on base; Batavia 5 - Rome 11 |
TOP OF THE 4TH |
Batavia Muckdogs batting - Pitching for Rome Braves : RHP Mokichi Furuta
|
Batting: RHB Larry LeFever
|
0-0: Foul Ball, location: 2F 0-1: Called Strike 0-2: Ball 1-2: Ball 2-2: Ball 3-2: Fly out, F7 (Line Drive, 7D, EV 92.5 MPH)
|
Batting: LHB Emilio Montalvo
|
0-0: Called Strike 0-1: Ball 1-1: Called Strike 1-2: Ball 2-2: Foul Ball, location: 2F 2-2: Ball 3-2: Strikes out swinging
|
Batting: RHB Calvin Morin
|
0-0: Ball 1-0: Ground out 3-1 (Groundball, 34, EV 78.1 MPH)
|
Top of the 4th over - 0 runs, 0 hits, 0 errors, 0 left on base; Batavia 5 - Rome 11 |
BOTTOM OF THE 4TH |
Rome Braves batting - Pitching for Batavia Muckdogs : RHP Alex Garza
|
Batting: RHB Alex Velasquez
|
0-0: Swinging Strike 0-1: Foul Ball, location: 2F 0-2: Fly out, F9 (Flyball, 9LM, EV 92.5 MPH)
|
Batting: RHB Tim Molchan
|
0-0: Ball 1-0: Ball 2-0: Ball 3-0: Base on Balls
|
Pitching: RHP Giampaolo Nobile
|
|
Batting: LHB Joe Phillips
|
0-0: Ball 1-0: Called Strike 1-1: Ball 2-1: SINGLE (Groundball, 6MD, EV 105.0 MPH) Tim Molchan to second
|
Batting: LHB J.P. Olson
|
0-0: Ball 1-0: SINGLE (Flyball, 3D, EV 93.1 MPH) Tim Molchan to third Joe Phillips to second
|
Batting: RHB Brandon Burrell
|
0-0: SINGLE (Groundball, 56D, EV 103.8 MPH) Tim Molchan scores Joe Phillips to third J.P. Olson to second Runner from 3rd tries for Home, throw by LF and OUT! 7-2
|
Batting: LHB Curt Nelson
|
0-0: Called Strike 0-1: Ball Wild Pitch! J.P. Olson to third Brandon Burrell to second 1-1: Foul Ball, location: 2F 1-2: SINGLE (Line Drive, 4D, EV 95.6 MPH) J.P. Olson scores Brandon Burrell to third Runner from 3rd tries for Home, SAFE, throw by CF to home
|
Batting: RHB Ike Trout
|
0-0: Ball 1-0: Swinging Strike 1-1: SINGLE (Flyball, 78S, EV 90.0 MPH) Curt Nelson to second
|
Batting: LHB Mike Tenorio
|
0-0: Foul Ball, location: 2F 0-1: Ball 1-1: Ground out 4-3 (Groundball, 34, EV 84.4 MPH)
|
Bottom of the 4th over - 3 runs, 5 hits, 0 errors, 2 left on base; Batavia 5 - Rome 14 |
TOP OF THE 5TH |
Batavia Muckdogs batting - Pitching for Rome Braves : RHP Mokichi Furuta
|
Batting: LHB David Doge
|
0-0: Ball 1-0: Foul Ball, location: 2F 1-1: Foul Ball, location: 2F 1-2: Ball 2-2: Strikes out looking
|
Batting: RHB Jim Fisher
|
0-0: Called Strike 0-1: Called Strike 0-2: Ball 1-2: Foul Ball, location: 2F 1-2: Ground out 4-3 (Groundball, 4, EV 100.0 MPH)
|
Batting: RHB Len Graham
|
0-0: Called Strike 0-1: Hit by Pitch
|
Pitching: RHP Jose Medina
|
|
Batting: LHB Ryan Thompson
|
0-0: Ball Len Graham steals 2nd base (no throw) 1-0: Ball 2-0: Called Strike 2-1: Swinging Strike 2-2: SINGLE (Groundball, 4D, EV 98.8 MPH) Len Graham to third Runner from 3rd tries for Home, SAFE, throw by CF to home
|
Batting: RHB Nate Crofts
|
0-0: Ball 1-0: Swinging Strike 1-1: Ball 2-1: Foul Ball, location: 2F 2-2: Fielders Choice at 2nd, 6-4 (Groundball, 6, EV 82.5 MPH)
|
Top of the 5th over - 1 run, 1 hit, 0 errors, 1 left on base; Batavia 6 - Rome 14 |
BOTTOM OF THE 5TH |
Rome Braves batting - Pitching for Batavia Muckdogs : RHP Giampaolo Nobile
|
Batting: RHB Badr al Din Ridha
|
0-0: Foul Ball, location: 2F 0-1: Ball 1-1: Ball 2-1: Swinging Strike 2-2: Ground out 5-3 (Groundball, 5, EV 96.9 MPH)
|
Batting: RHB Alex Velasquez
|
0-0: Ball 1-0: Ball 2-0: Foul Ball, location: 2F 2-1: Ball 3-1: Base on Balls
|
Batting: RHB Tim Molchan
|
0-0: Ball 1-0: Called Strike 1-1: Called Strike 1-2: Strikes out looking Alex Velasquez steals 2nd base (no throw) Batter strikes out.
|
Batting: LHB Joe Phillips
|
0-0: Ball 1-0: Ball 2-0: Called Strike 2-1: SINGLE (Groundball, 56D, EV 99.4 MPH) Alex Velasquez to third Throwing error, E7 Alex Velasquez scores Joe Phillips to second
|
Batting: LHB J.P. Olson
|
0-0: Ball 1-0: Ball 2-0: SINGLE (Flyball, 8LS, EV 98.1 MPH) Joe Phillips to third
|
Batting: RHB Brandon Burrell
|
0-0: Called Strike 0-1: Swinging Strike 0-2: Ball Wild Pitch! Joe Phillips scores J.P. Olson to second 1-2: Ball 2-2: SINGLE (Groundball, 56D, EV 100.6 MPH) J.P. Olson to third Runner from 3rd tries for Home, throw by LF and OUT! 7-2
|
Bottom of the 5th over - 2 runs, 3 hits, 1 error, 1 left on base; Batavia 6 - Rome 16 |
TOP OF THE 6TH |
Batavia Muckdogs batting - Pitching for Rome Braves : RHP Jose Medina
|
Batting: RHB Alex Ramirez
|
0-0: Swinging Strike 0-1: Ball 1-1: Foul Ball, location: 2F 1-2: Hit by Pitch
|
Batting: RHB Larry LeFever
|
0-0: Foul Ball, location: 2F 0-1: Ball 1-1: Called Strike 1-2: Strikes out swinging
|
Batting: LHB Emilio Montalvo
|
0-0: Ball 1-0: Grounds into double play, 4-6-3 (Groundball, 4, EV 85.0 MPH)
|
Top of the 6th over - 0 runs, 0 hits, 0 errors, 0 left on base; Batavia 6 - Rome 16 |
BOTTOM OF THE 6TH |
Rome Braves batting - Pitching for Batavia Muckdogs : RHP Giampaolo Nobile
|
Pitching: RHP Mario Barraza
|
|
Batting: LHB Curt Nelson
|
0-0: Ball 1-0: Ball 2-0: Called Strike 2-1: Ball 3-1: Foul Ball, location: 2F 3-2: Base on Balls
|
Batting: RHB Ike Trout
|
0-0: Ball 1-0: Grounds into double play, 5-4-3 (Groundball, 56, EV 83.1 MPH)
|
Batting: LHB Mike Tenorio
|
0-0: Ball 1-0: Ball 2-0: Swinging Strike 2-1: Ball 3-1: Foul Ball, location: 2F 3-2: Foul Ball, location: 2F 3-2: Base on Balls
|
Batting: RHB Badr al Din Ridha
|
0-0: Foul Ball, location: 2F 0-1: Foul Ball, location: 2F 0-2: Foul Ball, location: 2F 0-2: Ball 1-2: Ball 2-2: Ball Wild Pitch! Mike Tenorio to second 3-2: Base on Balls
|
Batting: RHB Alex Velasquez
|
0-0: Swinging Strike 0-1: Ball 1-1: Ball Passed Ball! Mike Tenorio to third Badr al Din Ridha to second 2-1: Foul Ball, location: 2F 2-2: Ball 3-2: Foul Ball, location: 2F Balk! Mike Tenorio scores Badr al Din Ridha to third 3-2: Foul Ball, location: 2F 3-2: Base on Balls
|
Batting: RHB Tim Molchan
|
0-0: Called Strike 0-1: Ball 1-1: Called Strike 1-2: Ball Wild Pitch! Badr al Din Ridha scores Alex Velasquez to second 2-2: Ball Wild Pitch! Alex Velasquez to third 3-2: Ground out 1-3 (Groundball, 13, EV 72.5 MPH)
|
Bottom of the 6th over - 2 runs, 0 hits, 0 errors, 1 left on base; Batavia 6 - Rome 18 |
TOP OF THE 7TH |
Batavia Muckdogs batting - Pitching for Rome Braves : RHP Jose Medina
|
Batting: RHB Calvin Morin
|
0-0: SINGLE (Line Drive, 9S, EV 111.2 MPH)
|
Pinch Hitting: RHB Hiromitsu Yamada
|
0-0: Ball Calvin Morin steals 2nd base 1-0: Ball 2-0: Called Strike 2-1: SINGLE (Groundball, 23, EV 73.1 MPH) (infield hit) Calvin Morin to third
|
Batting: RHB Jim Fisher
|
0-0: Ball 1-0: Called Strike 1-1: Called Strike Hiromitsu Yamada steals 2nd base (no throw) 1-2: Ball 2-2: Ground out 6-3 (Groundball, 6S, EV 84.4 MPH) Calvin Morin scores
|
Batting: RHB Len Graham
|
0-0: Foul Ball, location: 2F 0-1: DOUBLE (Groundball, 3L, EV 106.9 MPH) Hiromitsu Yamada scores
|
Batting: LHB Ryan Thompson
|
0-0: Foul Ball, location: 2F 0-1: Swinging Strike 0-2: Strikes out swinging
|
Batting: RHB Nate Crofts
|
0-0: Ball 1-0: SINGLE (Groundball, 34D, EV 96.9 MPH) Len Graham to third Runner from 3rd tries for Home, SAFE, throw by RF to home
|
Batting: RHB Alex Ramirez
|
0-0: Called Strike 0-1: Called Strike 0-2: Ball 1-2: Ball Wild Pitch! Nate Crofts to second 2-2: Strikes out swinging
|
Top of the 7th over - 3 runs, 4 hits, 0 errors, 1 left on base; Batavia 9 - Rome 18 |
BOTTOM OF THE 7TH |
Rome Braves batting - Pitching for Batavia Muckdogs : RHP Mario Barraza
|
Now in LF: Hiromitsu Yamada
|
|
Pinch Hitting: RHB Peter Wheeler
|
0-0: Called Strike 0-1: Fly out, F8 (Flyball, 8LS, EV 86.2 MPH)
|
Batting: LHB J.P. Olson
|
0-0: Ball 1-0: Called Strike 1-1: Ball 2-1: Called Strike 2-2: Ball 3-2: Ground out 6-3 (Groundball, 6, EV 93.8 MPH)
|
Batting: RHB Brandon Burrell
|
0-0: Ground out 6-3 (Groundball, 6, EV 81.9 MPH)
|
Bottom of the 7th over - 0 runs, 0 hits, 0 errors, 0 left on base; Batavia 9 - Rome 18 |
TOP OF THE 8TH |
Batavia Muckdogs batting - Pitching for Rome Braves : RHP Jose Medina
|
Now at 1B: Brandon Burrell
|
|
Now at 2B: Peter Wheeler
|
|
Now at 3B: Ike Trout
|
|
Batting: RHB Larry LeFever
|
0-0: Called Strike 0-1: Fly out, F6 (Line Drive, 6, EV 71.9 MPH)
|
Pitching: RHP Marvin Rosas
|
|
Batting: LHB Emilio Montalvo
|
0-0: Foul Ball, location: 2F 0-1: Ball 1-1: Ball 2-1: Foul Ball, location: 2F 2-2: Ground out 3-1 (Groundball, 34, EV 86.2 MPH)
|
Pinch Hitting: LHB Andrew van Dongen
|
0-0: Called Strike 0-1: Swinging Strike 0-2: Ball 1-2: Ball 2-2: Ground out 4-3 (Groundball, 4M, EV 83.8 MPH)
|
Top of the 8th over - 0 runs, 0 hits, 0 errors, 0 left on base; Batavia 9 - Rome 18 |
BOTTOM OF THE 8TH |
Rome Braves batting - Pitching for Batavia Muckdogs : RHP Mario Barraza
|
Now in CF: Ryuki Ogasawara
|
|
Batting: LHB Curt Nelson
|
0-0: Ball 1-0: Ball 2-0: Foul Ball, location: 2F 2-1: Fly out, F5 (Line Drive, 6, EV 64.4 MPH)
|
Batting: RHB Ike Trout
|
0-0: Called Strike 0-1: Ball 1-1: Ball 2-1: SINGLE (Groundball, 34D, EV 108.1 MPH)
|
Batting: LHB Mike Tenorio
|
0-0: SINGLE (Line Drive, 9LS, EV 103.1 MPH) Ike Trout to second
|
Batting: RHB Badr al Din Ridha
|
Balk! Ike Trout to third Mike Tenorio to second 0-0: Ground out 6-3 (Groundball, 6, EV 84.4 MPH) Ike Trout scores
|
Pitching: RHP Justin Blakely
|
|
Batting: RHB Alex Velasquez
|
0-0: Ball 1-0: Ground out U3 (Groundball, 3L, EV 86.9 MPH)
|
Bottom of the 8th over - 1 run, 2 hits, 0 errors, 1 left on base; Batavia 9 - Rome 19 |
TOP OF THE 9TH |
Batavia Muckdogs batting - Pitching for Rome Braves : RHP Marvin Rosas
|
Batting: RHB Hiromitsu Yamada
|
0-0: Foul Ball, location: 2F 0-1: Ground out 6-3 (Groundball, 6, EV 79.4 MPH)
|
Batting: RHB Jim Fisher
|
0-0: Called Strike 0-1: Ball 1-1: Ground out 5-3 (Groundball, 5S, EV 64.4 MPH)
|
Batting: RHB Len Graham
|
0-0: Swinging Strike 0-1: Called Strike 0-2: Strikes out swinging
|
Top of the 9th over - 0 runs, 0 hits, 0 errors, 0 left on base; Batavia 9 - Rome 19 |
|